 Dungeon Crawl Stone Soup version 0.20.1-1-g8b1a95d (webtiles) character file.

23582 Agrougrou the Unseen (level 12, -2/63 HPs)
             Began as a Spriggan Assassin on Aug 6, 2017.
             Was a High Priest of Okawaru.
             Killed from afar by a manticore (11 damage)
             ... with a volley of spikes
             ... on level 13 of the Dungeon.
             The game lasted 01:17:36 (18774 turns).

Agrougrou the Unseen (Spriggan Assassin)           Turns: 18774, Time: 01:17:37

Health: -2/63      AC:  3    Str:  7    XL:     12   Next: 73%
Magic:  25/25      EV: 33    Int: 13    God:    Okawaru [*****.]
Gold:   632        SH:  0    Dex: 22    Spells: 19/27 levels left

rFire    + + .     SeeInvis +   t - +1 dagger (venom)
rCold    + + .     Gourm    .   (shield restricted)
rNeg     . . .     Faith    .   I - +0 robe {rC+ rF+}
rPois    .         Spirit   .   (helmet restricted)
rElec    .         Reflect  .   d - +0 cloak
rCorr    .         Harm     .   (gloves unavailable)
MR       +....                  (boots unavailable)
Stlth    ++++++++..             (no amulet)
Regen    0.2/turn               n - ring "Mauli" {rF+ rC+ MR- EV+2 Stlth+}
MPRegen  0.2/turn               y - ring of stealth

@: about to teleport, barbed spikes, very quick
A: unfitting armour, see invisible, herbivore 3, speed 3, slow metabolism 2
a: Heroism, Finesse, Renounce Religion


You were on level 13 of the Dungeon.
You worshipped Okawaru.
Okawaru was extremely pleased with you.
You were full.

You visited 2 branches of the dungeon, and saw 14 of its levels.

You collected 786 gold pieces.
You spent 154 gold pieces at shops.

Inventory:

Hand Weapons
 a - a +2 dagger
 b - a +0 blowgun
 f - a +2 vampiric short sword
 t - a +1 dagger of venom (weapon)
 L - a +3 dagger of protection
 M - a +1 dagger of draining
Missiles
 e - 44 poisoned needles
 N - 4 needles of confusion
Armour
 d - a +0 cloak (worn)
 k - +2 shadow dragon scales
 I - a +0 robe of resistance (worn)
 R - +0 acid dragon scales
Jewellery
 m - an uncursed ring of positive energy
 n - the ring "Mauli" (left hand) {rF+ rC+ MR- EV+2 Stlth+}
   (You found it on level 7 of the Dungeon)

   [ring of evasion]

   It affects your evasion (+2).
   It protects you from fire.
   It protects you from cold.
   It affects your resistance to hostile enchantments.
   It makes you more stealthy.
 y - a ring of stealth (right hand)
 D - an uncursed ring of positive energy
 P - an uncursed ring of positive energy
Wands
 q - a wand of iceblast (5/15)
 B - a wand of paralysis (6/24)
 J - a wand of polymorph (9/24)
 K - a wand of lightning (0/15)
 Q - a wand of flame (23/48)
Scrolls
 i - a scroll of amnesia
 j - 2 scrolls of remove curse
 l - 2 scrolls of enchant weapon
 o - 2 scrolls of magic mapping
 p - 4 scrolls of teleportation
 r - 2 scrolls of fear
 s - 2 scrolls of blinking
 u - a scroll of immolation {unknown}
 v - 2 scrolls of recharging {unknown}
 z - 2 scrolls of fog {unknown}
 C - 2 scrolls of enchant armour {unknown}
 F - a scroll of acquirement {unknown}
 G - a scroll of summoning {unknown}
 H - 2 scrolls of holy word {unknown}
Potions
 c - a potion of cancellation
 h - 3 potions of haste
 w - a potion of heal wounds
 x - 2 potions of ambrosia
 A - 3 potions of flight
 E - a potion of agility
 O - a potion of resistance
 S - a potion of curing
Comestibles
 g - 7 bread rations


   Skills:
 - Level 7.2 Fighting
 * Level 14.0 Short Blades
 - Level 4.6 Throwing
 - Level 12.1 Dodging
 - Level 15.5 Stealth
 + Level 8.4 Spellcasting
 - Level 3.3 Hexes
 - Level 0.2 Invocations
 - Level 1.3 Evocations


You had 19 spell levels left.
You knew the following spells:

 Your Spells              Type           Power        Failure   Level  Hunger
a - Confuse               Hex            ##......     10%         3    ##.....
b - Yara's Violent Unrav  Hex/Tmut       #.........   88%         5    #####..


Dungeon Overview and Level Annotations

Branches:
Dungeon (13/15)            Temple (1/1) D:4            Lair (0/6) D:10
    Orc (0/2) D:11
 Vaults: D:13-14

Altars:
Ashenzari
Cheibriados
Dithmenos
Elyvilon
Fedhas
Gozag
Hepliaklqana
Kikubaaqudgha
Makhleb
Nemelex Xobeh
Okawaru
Qazlal
Ru
Sif Muna
Trog
Uskayaw
Vehumet
Xom
Yredelemnul
Zin
The Shining One
Beogh

Shops:
D:4 *   D:8 (   D:10 !

Annotations:
D:11 exclusion: orange crystal statue


Innate Abilities, Weirdness & Mutations

You are very small and have problems with some larger weapons.
You are too small for most types of armour.
You have supernaturally acute eyesight. (SInv)
You are a herbivore.
You cover ground extremely quickly.
You need consume almost no food.


Message History

The manticore flicks its tail.
The volley of spikes hits you!
The barbed spikes become lodged in your body.
* * * LOW HITPOINT WARNING * * *
You feel much better.
As you read the scroll of teleportation, it crumbles to dust.
You feel strangely unstable. The slime creature misses you.
The barbs in your skin will harm you if you move.
Continue?
The barbed spikes dig painfully into your body as you move.
The barbed spikes dig painfully into your body as you move.
* * * LOW HITPOINT WARNING * * *
Unknown command.
The manticore flicks its tail.
The volley of spikes misses you.
The barbed spikes dig painfully into your body as you move.
* * * LOW HITPOINT WARNING * * *
The manticore flicks its tail.
The volley of spikes hits you!
The barbed spikes become lodged in your body.
You die...

........................).....†..
####.......................####..
# #...#######...########..# #.. #
#...# #...# #..# #.. # #...#
#...# #..# #.. # #...# #...# #..#
#.. # #...# #...# #..# #.. #
#...# #...# #..# #.. # #...#
#..@# #..# #.. ####...#
#...########..# #..
.......#######..J..........# #..
................JJ.........####..
.÷.................H.............
#####..#######...................
#..# #................... #..#
#................... #..#
#..................#


You could see a large slime creature, 2 slime creatures and a manticore.

Vanquished Creatures
  Fannar (D:10)
  2 hydras
  4 two-headed ogres
  An unseen horror (D:8)
  2 deep elf magi
  2 ugly things
  A manticore (D:13)
  A spiny frog (shapeshifter) (D:13)
  An efreet (D:13)
  2 merfolk (D:12)
  2 trolls
  A tyrant leech (D:12)
  Prince Ribbit (D:8)
  6 hippogriffs
  9 slime creatures (D:12)
  Sigmund (D:3)
  A wyvern (D:9)
  A vampire (D:13)
  2 wraiths
  17 yaks
  A spriggan (D:8)
  A basilisk (D:10)
  Eustachio (D:6)
  A steam dragon (D:13)
  Edmund (D:6)
  An acid dragon (D:12)
  2 water moccasins
  3 porcupines
  Duvessa (D:7)
  A hornet zombie (D:8)
  8 orc warriors
  6 ice beasts
  2 sky beasts
  2 black bears
  4 phantoms
  2 wolves
  3 centaurs
  2 necrophages
  7 ogres
  5 crocodiles
  4 big kobolds
  12 bullfrogs
  Dowan (D:7)
  4 scorpions
  5 wights (D:9)
  5 howler monkeys
  5 crimson imps
  2 centaur zombies
  2 bullfrog zombies
  A jelly (D:5)
  A bullfrog skeleton (D:10)
  10 orc priests
  8 orc wizards
  2 centaur skeletons
  3 iguanas
  An iron imp (D:2)
  Jessica (D:2)
  8 worker ants
  2 hound skeletons
  A howler monkey zombie (D:5)
  5 adders
  2 gnolls (D:4)
  2 howler monkey skeletons
  3 shadow imps
  3 dart slugs
  4 leopard geckos
  69 orcs
  7 bats
  3 giant cockroaches
  5 goblins
  7 hobgoblins
  10 jackals
  5 quokkas
  A ball python (D:4)
  7 frilled lizards
  31 kobolds
  A leopard gecko zombie (D:8)
  5 rats
360 creatures vanquished.

Vanquished Creatures (collateral kills)
  A howler monkey (D:11)
1 creature vanquished.

Vanquished Creatures (others)
  A gnoll (D:4)
1 creature vanquished.

Grand Total: 362 creatures vanquished

Notes
Turn   | Place    | Note
-------+----------+-------------------------------------------
     0 | D:1      | Agrougrou the Spriggan Assassin began the quest for the Orb.
     0 | D:1      | Reached XP level 1. HP: 10/10 MP: 2/2
    17 | D:1      | Reached skill level 6 in Stealth
   116 | D:1      | Reached XP level 2. HP: 13/14 MP: 3/3
   859 | D:2      | Noticed Jessica
   873 | D:2      | Killed Jessica
   873 | D:2      | Reached skill level 7 in Stealth
   873 | D:2      | Reached XP level 3. HP: 13/18 MP: 4/4
  1378 | D:2      | Found a faded altar of an unknown god.
  1406 | D:2      | Found a burning altar of Makhleb.
  1460 | D:2      | Reached XP level 4. HP: 10/23 MP: 5/5
  2346 | D:3      | Noticed Sigmund
  2820 | D:4      | Reached skill level 8 in Stealth
  2820 | D:4      | Reached XP level 5. HP: 22/26 MP: 6/6
  3002 | D:4      | Noticed a phantom
  3286 | D:4      | Found a glowing silver altar of Zin.
  3287 | D:4      | Found Zin's Purification Station.
  3507 | D:5      | Entered Level 5 of the Dungeon
  3574 | D:5      | Noticed a hippogriff
  3600 | D:5      | Noticed a sky beast
  3743 | D:5      | HP: 1/26 [sky beast (6)]
  3761 | D:5      | Killed a sky beast
  3761 | D:5      | Reached XP level 6. HP: 14/30 MP: 7/7
  3818 | D:5      | Reached skill level 9 in Stealth
  4057 | D:4      | Found a staircase to the Ecumenical Temple.
  4068 | Temple   | Entered the Ecumenical Temple
  4351 | Temple   | Became a worshipper of Warmaster Okawaru
  5200 | D:3      | Reached XP level 7. HP: 27/35 MP: 8/8
  5208 | D:3      | Reached skill level 5 in Fighting
  5208 | D:3      | Reached skill level 12 in Stealth
  5208 | D:3      | Reached XP level 8. HP: 20/44 MP: 8/18
  5759 | D:3      | Killed Sigmund
  6042 | D:5      | Reached * piety under Okawaru
  6187 | D:5      | Killed a hippogriff
  6327 | D:6      | Noticed Eustachio
  6356 | D:6      | Killed Eustachio
  6385 | D:6      | Noticed Edmund
  6397 | D:6      | Killed Edmund
  6465 | D:6      | Reached ** piety under Okawaru
  6465 | D:6      | Reached XP level 9. HP: 48/48 MP: 19/19
  7411 | D:7      | Noticed Dowan
  7412 | D:7      | Noticed Duvessa
  7414 | D:7      | Killed Dowan
  7414 | D:7      | Reached skill level 13 in Stealth
  7689 | D:7      | Killed Duvessa
  7792 | D:7      | Found a sacrificial altar of Ru.
  7792 | D:7      | Found a sparkling altar of Nemelex Xobeh.
  7794 | D:7      | Found a glowing silver altar of Zin.
  7794 | D:7      | Found a sacrificial altar of Ru.
  8520 | D:7      | Found a sacrificial altar of Ru.
  8539 | D:7      | Found a shattered altar of Ashenzari.
  8682 | D:7      | Reached *** piety under Okawaru
  8891 | D:7      | Noticed an eight-headed hydra
  8911 | D:7      | Killed an eight-headed hydra
  8911 | D:7      | Reached **** piety under Okawaru
  8911 | D:7      | Reached skill level 10 in Dodging
  8911 | D:7      | Reached XP level 10. HP: 51/51 MP: 20/20
  9440 | D:7      | Got a warped bone ring
  9442 | D:7      | Identified the ring "Mauli" {rF+ rC+ MR- EV+2 Stlth+} (You found it on level 7 of the Dungeon)
  9715 | D:7      | Reached skill level 1 in Evocations
  9946 | D:8      | Found Ote Tuwn's Weapon Shoppe.
 10420 | D:8      | Found a roughly hewn altar of Beogh.
 10485 | D:8      | Reached skill level 14 in Stealth
 10777 | D:8      | Noticed an unseen horror
 10781 | D:8      | Killed an unseen horror
 10781 | D:8      | Reached ***** piety under Okawaru
 10781 | D:8      | Received a gift from Okawaru
 10814 | D:8      | Noticed Prince Ribbit
 10819 | D:8      | Killed Prince Ribbit
 11214 | D:9      | Found an ancient bone altar of Kikubaaqudgha.
 11582 | D:9      | Learned a level 3 spell: Confuse
 11596 | D:9      | Learned a level 5 spell: Yara's Violent Unravelling
 12068 | D:9      | Reached XP level 11. HP: 36/58 MP: 21/21
 12365 | D:9      | Found a bloodstained altar of Trog.
 12368 | D:9      | Found a glowing golden altar of the Shining One.
 12371 | D:9      | Found a deep blue altar of Sif Muna.
 12439 | D:9      | Noticed a two-headed ogre
 12461 | D:9      | Killed a two-headed ogre
 12461 | D:9      | Received a gift from Okawaru
 12461 | D:9      | Reached skill level 1 in Hexes
 12518 | D:9      | Reached skill level 15 in Stealth
 12783 | D:10     | Entered Level 10 of the Dungeon
 13055 | D:10     | Noticed Fannar
 13094 | D:10     | Reached skill level 10 in Short Blades
 13494 | D:10     | Found a staircase to the Lair.
 14262 | D:10     | Found Gerchovi's Distillery.
 14557 | D:10     | Killed Fannar
 14768 | D:10     | Bought a potion of degeneration for 14 gold pieces
 14768 | D:10     | Bought a potion of resistance for 140 gold pieces
 14793 | D:11     | Noticed a purple ugly thing
 14798 | D:11     | Killed a purple ugly thing
 14810 | D:11     | Found a staircase to the Orcish Mines.
 14842 | D:11     | Noticed an orange crystal statue
 14856 | D:11     | Noticed a two-headed ogre
 14863 | D:11     | Killed a two-headed ogre
 14863 | D:11     | Received a gift from Okawaru
 15048 | D:11     | Received a gift from Okawaru
 15089 | D:11     | Got a warped broad axe {god gift}
 15090 | D:11     | Identified the +3 broad axe of Jozotur {elec, rElec rN+} (Okawaru gifted it to you on level 11 of the Dungeon)
 15418 | D:12     | Noticed a deep elf mage
 15426 | D:12     | Killed a deep elf mage
 15772 | D:12     | Reached XP level 12. HP: 56/63 MP: 22/22
 16554 | D:12     | Received a gift from Okawaru
 16928 | D:12     | Noticed a two-headed ogre
 16948 | D:12     | Killed a two-headed ogre
 17488 | D:13     | Noticed a two-headed ogre
 17488 | D:13     | Noticed a five-headed hydra
 17507 | D:13     | Killed a five-headed hydra
 17519 | D:13     | Killed a two-headed ogre
 17537 | D:13     | Found a bloodstained altar of Trog.
 18774 | D:13     | Killed from afar by a manticore

Skill      XL: |  1  2  3  4  5  6  7  8  9 10 11 12 |
---------------+-------------------------------------+-----
Stealth        | 6 7 8 9 12 13 14 15 | 15.5
Dodging        | 2 3 8 9 10 11 12 | 12.1
Short Blades   | 3 4 7 8 9 11 14 | 14.0
Fighting       | 2 5 6 7 |  7.2
Throwing       | 3 4 |  4.6
Spellcasting   | 6 8 |  8.4
Evocations     | 1 |  1.3
Hexes          | 3 |  3.3
Invocations    | |  0.2

Action                   |  1- 3 |  4- 6 |  7- 9 | 10-12 || total
-------------------------+-------+-------+-------+-------++-------
Melee: Dagger            |    94 |   320 |   464 |  2068 ||  2946
       Punch             |       |       |       |     4 ||     4
 Fire: Blowgun           |    13 |    23 |    33 |    58 ||   127
Throw: Throwing net      |       |     1 |       |     1 ||     2
 Cast: Confuse           |       |       |       |    15 ||    15
Invok: Heroism           |       |       |       |     6 ||     6
Evoke: Wand              |       |       |     2 |    10 ||    12
  Use: Potion            |       |     5 |     3 |     9 ||    17
       Scroll            |       |     5 |       |     6 ||    11
 Stab: Sleeping          |     5 |    22 |    18 |    44 ||    89
       Distracted        |       |       |     1 |     9 ||    10
       Paralysed         |       |       |     1 |     2 ||     3
       Confused          |       |       |       |     4 ||     4
       Held in net/web   |       |       |       |     2 ||     2
  Eat: Royal jelly       |       |     1 |       |     2 ||     3
       Bread ration      |       |       |     1 |     2 ||     3
       Fruit             |       |       |       |     1 ||     1
Armor: Robe              |     9 |    26 |    18 |    62 ||   115
       Skin              |       |       |    14 |       ||    14
Dodge: Dodged            |    61 |   185 |   210 |  1189 ||  1645
